Flames vs Canucks

Created - November 17 2010 at 18:15

Goals
1 2 3 T
Flames 1 0 0 1
Canucks 4 1 0 5
Shots
1 2 3 T
Flames 7 4 0 11
Canucks 16 17 8 41

Period #1

1. Canucks , Jay McClement 2 (Erik Karlsson, Loui Eriksson) at 3:21
2. Canucks , Ian White 3 (Loui Eriksson, Martin Hanzal) at 6:50 (PP)
3. Flames , Matt Cullen 3 (Jack Johnson, Erik Johnson) at 11:15
4. Canucks , Corey Perry 10 (Joe Thornton, Erik Karlsson) at 12:41 (PP)
5. Canucks , Duncan Keith 5 (Tomas Holmstrom, Joe Thornton) at 17:14 (PP)

Penalties :
Marco Sturm (CGY) for Roughing (Minor) at 0:48, Rostislav Olesz (CGY) for Hooking (Minor) at 1:15, Dan Boyle (CGY) for Slashing (Minor) at 6:10, Duncan Keith (VAN) for Hooking (Minor) at 8:12, Kristopher Letang (CGY) for Hooking (Minor) at 12:08, Maxim Lapierre (CGY) for Roughing (Minor) at 16:08

Period #2

6. Canucks , Brandon Sutter 9 (Loui Eriksson, Matthew Carle) at 19:27 (PP)

Penalties :
Marco Sturm (CGY) for Hooking (Minor) at 2:21, Matt Cullen (CGY) for Holding (Minor) at 3:13, Jack Johnson (CGY) for High sticking (Minor) at 5:20, Maxim Lapierre (CGY) for Hooking (Minor) at 8:32, Jack Johnson (CGY) for Hooking (Minor) at 12:39, Mark Streit (CGY) for Roughing (Minor) at 17:42

Period #3

No Goal

Penalties :
Brandon Sutter (VAN) for Tripping (Minor) at 0:11, Jack Johnson (CGY) for Hooking (Minor) at 2:42, Mike Fisher (CGY) for Holding (Minor) at 7:38, Erik Johnson (CGY) for Hooking (Minor) at 18:44

Goalie Stats

Evgeni Nabokov (CGY), 9 saves from 12 shots - (0.750), L, 7-8-3, 12:41 minutes
Yann Danis (CGY), 27 saves from 29 shots - (0.931), 47:19 minutes
Jason LaBarbera (VAN), 10 saves from 11 shots - (0.909), W, 7-2-0, 60:00 minutes

Players Stats

Flames
Player Name              G  A  P  +/- PIM S  H  SB FO    MP 
------------------------------------------------------------
Alex Steen               0  0  0   0  0   0  0  1  0/1   15 
Dan Boyle                0  0  0   0  2   1  0  1  0/0   23 
Daniel Sedin             0  0  0   0  0   2  1  1  3/4   16 
Drew Stafford            0  0  0   0  0   0  2  0  1/2   12 
Erik Johnson             0  1  1   1  2   0  0  2  0/0   21 
Henrik Sedin             0  0  0   0  0   2  0  0  6/17  12 
Jack Johnson             0  1  1   0  6   0  3  0  0/0   15 
Josh Gorges              0  0  0   0  0   0  1  1  0/0   21 
Kristopher Letang        0  0  0  -1  2   0  1  1  0/0   16 
Marco Sturm              0  0  0   0  4   4  2  1  0/1   21 
Mark Streit              0  0  0   0  2   0  1  1  0/0   22 
Matt Cullen              1  0  1   0  2   1  0  1  13/34 19 
Maxim Lapierre           0  0  0   0  4   0  2  0  2/3   3  
Mike Fisher              0  0  0   0  2   1  3  0  12/24 21 
Oskars Bartulis          0  0  0   0  0   0  0  0  0/0   1  
Owen Nolan               0  0  0   0  0   0  0  0  0/0   12 
Rob Schremp              0  0  0   0  0   0  0  0  0/1   13 
Rostislav Olesz          0  0  0   0  2   0  0  0  0/0   12 
Canucks
Player Name              G  A  P  +/- PIM S  H  SB FO    MP 
------------------------------------------------------------
Brandon Sutter           1  0  1   0  2   4  0  0  19/25 20 
Bruno Gervais            0  0  0  -1  0   0  0  0  0/0   7  
Corey Perry              1  0  1  -1  0   5  0  0  0/3   22 
David Backes             0  0  0   1  0   4  4  0  0/1   20 
Duncan Keith             1  0  1  -1  2   3  2  0  0/0   26 
Erik Karlsson            0  2  2   1  0   1  1  0  0/0   21 
Fedor Tyutin             0  0  0   0  0   1  1  2  0/0   18 
Ian White                1  0  1   0  0   2  0  0  0/0   18 
Jay McClement            1  0  1   1  0   3  0  1  8/18  14 
Joe Thornton             0  2  2  -1  0   2  0  0  15/25 21 
Loui Eriksson            0  3  3   0  0   4  0  0  0/3   20 
Martin Hanzal            0  1  1   0  0   0  2  0  5/7   9  
Matthew Carle            0  1  1   0  0   2  3  1  0/0   24 
Mike Komisarek           0  0  0   1  0   0  0  1  0/0   3  
Milan Lucic              0  0  0  -1  0   0  0  0  1/1   8  
Ryan Kesler              0  0  0   0  0   2  5  0  0/1   14 
Tomas Holmstrom          0  1  1   0  0   2  1  1  0/0   15 
Valtteri Filppula        0  0  0   1  0   6  0  0  2/3   15 

3 Stars

1 - Loui Eriksson (VAN)
2 - Erik Karlsson (VAN)
3 - Jay McClement (VAN)

Power Play

Flames - 0 on 2 Attempt(s) - 0.00%
Canucks - 4 on 14 Attempt(s) - 28.57%

Penalty Kill

Flames - 10 on 14 Attempt(s) - 71.43% - Score 0 goal in Penalty Kill
Canucks - 2 on 2 Attempt(s) - 100.00% - Score 0 goal in Penalty Kill

Game Notes

Mike Komisarek is injured at 12:03 of 1st period (Fractured Orbital Bone)
Yann Danis enters game at 12:41 of 1st period

Finance

Level 1 -- Attendance: 5986 (92.09%) -- Ticket Income $478,880.00
Level 2 -- Attendance: 3393 (67.86%) -- Ticket Income $220,545.00
Level 3 -- Attendance: 2033 (58.09%) -- Ticket Income $101,650.00
Level 4 -- Attendance: 1910 (72.62%) -- Ticket Income $47,750.00
Luxury Box -- Attendance: 570 (57.00%) -- Ticket Income $142,500.00
Game was played at the General Motors Place
Total Attendance: 13892 (74.57%)
Total Ticket Income: $1,049,793.00
Other Income: $204,347.70
Total Income: $1,254,141.00


Play by Play

Period #1

0:01 of 1st period - Brandon Sutter wins face-off versus Henrik Sedin in neutral zone.
0:21 of 1st period - Duncan Keith is hit by Marco Sturm.
0:46 of 1st period - Matthew Carle is hit by Daniel Sedin and loses puck.
0:48 of 1st period - Minor Penalty to Marco Sturm for Roughing.
0:49 of 1st period - Mike Fisher wins face-off versus Joe Thornton in Flames zone.
1:06 of 1st period - Shot by Duncan Keith.
1:06 of 1st period - Shot Blocked by Josh Gorges.
1:15 of 1st period - Minor Penalty to Rostislav Olesz for Hooking.
1:16 of 1st period - Brandon Sutter wins face-off versus Mike Fisher in Flames zone.
1:16 of 1st period - Ian White is hit by Josh Gorges and loses puck.
1:21 of 1st period - Shot by Brandon Sutter.
1:21 of 1st period - Stopped by Evgeni Nabokov without a rebound.
1:22 of 1st period - Brandon Sutter wins face-off versus Matt Cullen in Flames zone.
1:55 of 1st period - Dan Boyle is hit by David Backes and loses puck.
2:15 of 1st period - Off-side.
2:16 of 1st period - Mike Fisher wins face-off versus Corey Perry in neutral zone.
3:21 of 1st period - Shot by Jay McClement.
3:21 of 1st period - Goal by Jay McClement - Flames : 0 - Canucks : 1.
3:22 of 1st period - Jay McClement wins face-off versus Mike Fisher in neutral zone.
3:34 of 1st period - Shot by Jay McClement.
3:34 of 1st period - Stopped by Evgeni Nabokov without a rebound.
3:35 of 1st period - Joe Thornton wins face-off versus Matt Cullen in Flames zone.
3:45 of 1st period - Tomas Holmstrom is hit by Jack Johnson and loses puck.
4:13 of 1st period - Icing by Fedor Tyutin.
4:14 of 1st period - Henrik Sedin wins face-off versus Joe Thornton in Canucks zone.
4:17 of 1st period - Shot by Daniel Sedin.
4:17 of 1st period - Stopped by Jason LaBarbera with a rebound.
4:21 of 1st period - Shot by Daniel Sedin.
4:21 of 1st period - Shot Blocked by Fedor Tyutin.
4:23 of 1st period - Shot by Marco Sturm.
4:23 of 1st period - Stopped by Jason LaBarbera without a rebound.
4:24 of 1st period - Mike Fisher wins face-off versus Jay McClement in Canucks zone.
4:25 of 1st period - Shot by Alex Steen.
4:25 of 1st period - Shot Misses the Net.
4:27 of 1st period - Shot by Mike Fisher.
4:27 of 1st period - Stopped by Jason LaBarbera with a rebound.
4:29 of 1st period - Shot by Alex Steen.
4:29 of 1st period - Shot Misses the Net.
4:31 of 1st period - Shot by Kristopher Letang.
4:31 of 1st period - Shot Blocked by Mike Komisarek.
4:33 of 1st period - Shot by Mike Fisher.
4:33 of 1st period - Shot Misses the Net.
6:10 of 1st period - Minor Penalty to Dan Boyle for Slashing.
6:11 of 1st period - Joe Thornton wins face-off versus Matt Cullen in Flames zone.
6:24 of 1st period - Shot by Corey Perry.
6:24 of 1st period - Shot Misses the Net.
6:26 of 1st period - Shot by Duncan Keith.
6:26 of 1st period - Shot Misses the Net.
6:28 of 1st period - Shot by Duncan Keith.
6:28 of 1st period - Shot Misses the Net.
6:30 of 1st period - Shot by Duncan Keith.
6:30 of 1st period - Stopped by Evgeni Nabokov without a rebound.
6:31 of 1st period - Brandon Sutter wins face-off versus Mike Fisher in Flames zone.
6:44 of 1st period - Shot by Ian White.
6:44 of 1st period - Shot Misses the Net.
6:48 of 1st period - Shot by Loui Eriksson.
6:48 of 1st period - Shot Misses the Net.
6:50 of 1st period - Shot by Ian White.
6:50 of 1st period - Goal by Ian White - Flames : 0 - Canucks : 2.
6:51 of 1st period - Matt Cullen wins face-off versus Joe Thornton in neutral zone.
7:24 of 1st period - Off-side.
7:25 of 1st period - Mike Fisher wins face-off versus Jay McClement in neutral zone.
7:44 of 1st period - Shot by David Backes.
7:44 of 1st period - Stopped by Evgeni Nabokov with a rebound.
7:46 of 1st period - Shot by David Backes.
7:46 of 1st period - Stopped by Evgeni Nabokov with a rebound.
7:48 of 1st period - Shot by David Backes.
7:48 of 1st period - Deflect By Valtteri Filppula.
7:48 of 1st period - Stopped by Evgeni Nabokov without a rebound.
7:49 of 1st period - Henrik Sedin wins face-off versus Ryan Kesler in Flames zone.
7:49 of 1st period - Henrik Sedin is hit by Ryan Kesler.
8:00 of 1st period - Henrik Sedin is hit by Matthew Carle and loses puck.
8:12 of 1st period - Minor Penalty to Duncan Keith for Hooking.
8:13 of 1st period - Martin Hanzal wins face-off versus Mike Fisher in Canucks zone.
8:39 of 1st period - Shot by Erik Johnson.
8:39 of 1st period - Shot Hit the Post.
9:15 of 1st period - Shot by Dan Boyle.
9:15 of 1st period - Shot Blocked by Matthew Carle.
9:22 of 1st period - Icing by Marco Sturm.
9:23 of 1st period - Martin Hanzal wins face-off versus Henrik Sedin in Flames zone.
10:20 of 1st period - Shot by Corey Perry.
10:20 of 1st period - Stopped by Evgeni Nabokov without a rebound.
10:21 of 1st period - Joe Thornton wins face-off versus Maxim Lapierre in Flames zone.
10:53 of 1st period - Icing by Duncan Keith.
10:54 of 1st period - Joe Thornton wins face-off versus Matt Cullen in Canucks zone.
11:11 of 1st period - Shot by Jack Johnson.
11:11 of 1st period - Shot Hit the Post.
11:15 of 1st period - Shot by Matt Cullen.
11:15 of 1st period - Goal by Matt Cullen - Flames : 1 - Canucks : 2.
11:16 of 1st period - Mike Fisher wins face-off versus Jay McClement in neutral zone.
11:19 of 1st period - Shot by Alex Steen.
11:19 of 1st period - Shot Misses the Net.
11:33 of 1st period - Shot by Valtteri Filppula.
11:33 of 1st period - Stopped by Evgeni Nabokov without a rebound.
11:34 of 1st period - Henrik Sedin wins face-off versus Brandon Sutter in Flames zone.
11:34 of 1st period - Henrik Sedin is hit by Ryan Kesler.
11:52 of 1st period - Henrik Sedin is hit by Duncan Keith and loses puck.
11:57 of 1st period - Shot by Henrik Sedin.
11:57 of 1st period - Shot Misses the Net.
12:01 of 1st period - Shot by Henrik Sedin.
12:01 of 1st period - Stopped by Jason LaBarbera without a rebound.
12:02 of 1st period - Jay McClement wins face-off versus Matt Cullen in Canucks zone.
12:02 of 1st period - Mike Komisarek is hit by Drew Stafford and loses puck.
12:03 of 1st period - Mike Komisarek from Canucks is injured at 12:03 of 1st period (Fractured Orbital Bone).
12:04 of 1st period - Jay McClement wins face-off versus Mike Fisher in Canucks zone.
12:08 of 1st period - Minor Penalty to Kristopher Letang for Hooking.
12:09 of 1st period - Matt Cullen wins face-off versus Loui Eriksson in Flames zone.
12:15 of 1st period - Icing by Matthew Carle.
12:16 of 1st period - Brandon Sutter wins face-off versus Matt Cullen in Canucks zone.
12:23 of 1st period - Shot by Loui Eriksson.
12:23 of 1st period - Stopped by Evgeni Nabokov without a rebound.
12:24 of 1st period - Joe Thornton wins face-off versus Mike Fisher in Flames zone.
12:41 of 1st period - Shot by Corey Perry.
12:41 of 1st period - Goal by Corey Perry - Flames : 1 - Canucks : 3.
12:41 of 1st period - Yann Danis enters game.
12:42 of 1st period - Matt Cullen wins face-off versus Jay McClement in neutral zone.
12:59 of 1st period - Shot by Drew Stafford.
12:59 of 1st period - Shot Blocked by Jay McClement.
13:09 of 1st period - Shot by Valtteri Filppula.
13:09 of 1st period - Stopped by Yann Danis without a rebound.
13:10 of 1st period - Mike Fisher wins face-off versus Corey Perry in Flames zone.
14:14 of 1st period - Rob Schremp is hit by Duncan Keith and loses puck.
14:21 of 1st period - Alex Steen is hit by Ryan Kesler and loses puck.
14:30 of 1st period - Duncan Keith is hit by Mike Fisher and loses puck.
15:17 of 1st period - Icing by David Backes.
15:18 of 1st period - Matt Cullen wins face-off versus Jay McClement in Canucks zone.
16:07 of 1st period - Duncan Keith is hit by Maxim Lapierre and loses puck.
16:08 of 1st period - Minor Penalty to Maxim Lapierre for Roughing.
16:09 of 1st period - Matt Cullen wins face-off versus Brandon Sutter in Flames zone.
16:37 of 1st period - Off-side.
16:38 of 1st period - Daniel Sedin wins face-off versus Joe Thornton in neutral zone.
17:08 of 1st period - Shot by Tomas Holmstrom.
17:08 of 1st period - Stopped by Yann Danis with a rebound.
17:12 of 1st period - Shot by Tomas Holmstrom.
17:12 of 1st period - Stopped by Yann Danis with a rebound.
17:14 of 1st period - Shot by Duncan Keith.
17:14 of 1st period - Goal by Duncan Keith - Flames : 1 - Canucks : 4.
17:15 of 1st period - Maxim Lapierre wins face-off versus Jay McClement in neutral zone.
17:26 of 1st period - Shot by Rostislav Olesz.
17:26 of 1st period - Deflect By Marco Sturm.
17:26 of 1st period - Stopped by Jason LaBarbera with a rebound.
17:28 of 1st period - Shot by Mark Streit.
17:28 of 1st period - Shot Misses the Net.
17:30 of 1st period - Shot by Dan Boyle.
17:30 of 1st period - Shot Misses the Net.
17:32 of 1st period - Shot by Dan Boyle.
17:32 of 1st period - Stopped by Jason LaBarbera without a rebound.
17:33 of 1st period - Drew Stafford wins face-off versus Joe Thornton in Canucks zone.
19:27 of 1st period - Icing by Kristopher Letang.
19:28 of 1st period - Mike Fisher wins face-off versus Valtteri Filppula in Flames zone.

Period #2

0:01 of 2nd period - Brandon Sutter wins face-off versus Henrik Sedin in neutral zone.
0:26 of 2nd period - Shot by Ryan Kesler.
0:26 of 2nd period - Stopped by Yann Danis without a rebound.
0:27 of 2nd period - Joe Thornton wins face-off versus Mike Fisher in Flames zone.
0:32 of 2nd period - Shot by Corey Perry.
0:32 of 2nd period - Stopped by Yann Danis without a rebound.
0:33 of 2nd period - Jay McClement wins face-off versus Matt Cullen in Flames zone.
2:21 of 2nd period - Minor Penalty to Marco Sturm for Hooking.
2:22 of 2nd period - Mike Fisher wins face-off versus Loui Eriksson in Flames zone.
3:13 of 2nd period - Minor Penalty to Matt Cullen for Holding.
3:14 of 2nd period - Joe Thornton wins face-off versus Henrik Sedin in Flames zone.
3:53 of 2nd period - Mark Streit is hit by Martin Hanzal and loses puck.
3:58 of 2nd period - Shot by Fedor Tyutin.
3:58 of 2nd period - Shot Blocked by Dan Boyle.
4:00 of 2nd period - Shot by Martin Hanzal.
4:00 of 2nd period - Shot Misses the Net.
4:04 of 2nd period - Shot by Martin Hanzal.
4:04 of 2nd period - Shot Misses the Net.
4:16 of 2nd period - Shot by Loui Eriksson.
4:16 of 2nd period - Stopped by Yann Danis without a rebound.
4:17 of 2nd period - Brandon Sutter wins face-off versus Mike Fisher in Flames zone.
5:19 of 2nd period - Erik Karlsson is hit by Kristopher Letang.
5:20 of 2nd period - Minor Penalty to Jack Johnson for High sticking.
5:21 of 2nd period - Milan Lucic wins face-off versus Matt Cullen in Flames zone.
5:22 of 2nd period - Shot by Corey Perry.
5:22 of 2nd period - Shot Misses the Net.
6:18 of 2nd period - Josh Gorges is hit by David Backes and loses puck.
6:40 of 2nd period - Icing by Fedor Tyutin.
6:41 of 2nd period - Joe Thornton wins face-off versus Matt Cullen in Canucks zone.
7:07 of 2nd period - Icing by Martin Hanzal.
7:08 of 2nd period - Matt Cullen wins face-off versus Joe Thornton in Canucks zone.
7:28 of 2nd period - Daniel Sedin is hit by Erik Karlsson.
7:34 of 2nd period - Shot by Daniel Sedin.
7:34 of 2nd period - Stopped by Jason LaBarbera with a rebound.
7:36 of 2nd period - Shot by Erik Johnson.
7:36 of 2nd period - Shot Misses the Net.
7:41 of 2nd period - Icing by David Backes.
7:42 of 2nd period - Mike Fisher wins face-off versus Jay McClement in Canucks zone.
8:02 of 2nd period - Alex Steen is hit by Matthew Carle and loses puck.
8:32 of 2nd period - Minor Penalty to Maxim Lapierre for Hooking.
8:33 of 2nd period - Brandon Sutter wins face-off versus Matt Cullen in Flames zone.
9:45 of 2nd period - Icing by Tomas Holmstrom.
9:46 of 2nd period - Matt Cullen wins face-off versus Joe Thornton in Canucks zone.
9:50 of 2nd period - Icing by Fedor Tyutin.
9:51 of 2nd period - Joe Thornton wins face-off versus Mike Fisher in Canucks zone.
10:36 of 2nd period - Shot by Brandon Sutter.
10:36 of 2nd period - Shot Misses the Net.
10:44 of 2nd period - Shot by Valtteri Filppula.
10:44 of 2nd period - Stopped by Yann Danis with a rebound.
10:48 of 2nd period - Shot by Ryan Kesler.
10:48 of 2nd period - Stopped by Yann Danis without a rebound.
10:49 of 2nd period - Martin Hanzal wins face-off versus Mike Fisher in Flames zone.
11:08 of 2nd period - Shot by Corey Perry.
11:08 of 2nd period - Shot Misses the Net.
11:55 of 2nd period - Shot by Marco Sturm.
11:55 of 2nd period - Stopped by Jason LaBarbera without a rebound.
11:56 of 2nd period - Jay McClement wins face-off versus Matt Cullen in Canucks zone.
11:58 of 2nd period - Icing by Erik Karlsson.
11:59 of 2nd period - Matt Cullen wins face-off versus Jay McClement in Canucks zone.
12:36 of 2nd period - Shot by David Backes.
12:36 of 2nd period - Shot Misses the Net.
12:38 of 2nd period - Shot by Valtteri Filppula.
12:38 of 2nd period - Stopped by Yann Danis with a rebound.
12:39 of 2nd period - Minor Penalty to Jack Johnson for Hooking.
12:40 of 2nd period - Daniel Sedin wins face-off versus Brandon Sutter in Flames zone.
13:39 of 2nd period - Dan Boyle is hit by Martin Hanzal and loses puck.
13:56 of 2nd period - Shot by Erik Karlsson.
13:56 of 2nd period - Shot Blocked by Daniel Sedin.
14:12 of 2nd period - Shot by Ian White.
14:12 of 2nd period - Stopped by Yann Danis without a rebound.
14:13 of 2nd period - Brandon Sutter wins face-off versus Marco Sturm in Flames zone.
14:14 of 2nd period - Shot by Loui Eriksson.
14:14 of 2nd period - Shot Misses the Net.
14:34 of 2nd period - Shot by Marco Sturm.
14:34 of 2nd period - Stopped by Jason LaBarbera without a rebound.
14:35 of 2nd period - Mike Fisher wins face-off versus Corey Perry in Canucks zone.
15:04 of 2nd period - Shot by Corey Perry.
15:04 of 2nd period - Shot Blocked by Erik Johnson.
15:30 of 2nd period - Shot by Fedor Tyutin.
15:30 of 2nd period - Shot Misses the Net.
15:34 of 2nd period - Shot by Jay McClement.
15:34 of 2nd period - Deflect By Valtteri Filppula.
15:34 of 2nd period - Stopped by Yann Danis without a rebound.
15:35 of 2nd period - Valtteri Filppula wins face-off versus Henrik Sedin in Flames zone.
15:35 of 2nd period - Valtteri Filppula is hit by Mark Streit.
15:54 of 2nd period - Shot by David Backes.
15:54 of 2nd period - Stopped by Yann Danis without a rebound.
15:55 of 2nd period - Brandon Sutter wins face-off versus Rob Schremp in Flames zone.
16:55 of 2nd period - Shot by Joe Thornton.
16:55 of 2nd period - Stopped by Yann Danis with a rebound.
17:17 of 2nd period - Shot by Valtteri Filppula.
17:17 of 2nd period - Shot Blocked by Alex Steen.
17:19 of 2nd period - Shot by Jay McClement.
17:19 of 2nd period - Stopped by Yann Danis without a rebound.
17:20 of 2nd period - Jay McClement wins face-off versus Henrik Sedin in Flames zone.
17:32 of 2nd period - Daniel Sedin is hit by Ryan Kesler and loses puck.
17:42 of 2nd period - Minor Penalty to Mark Streit for Roughing.
17:43 of 2nd period - Martin Hanzal wins face-off versus Matt Cullen in Flames zone.
18:43 of 2nd period - Off-side.
18:44 of 2nd period - Matt Cullen wins face-off versus Joe Thornton in neutral zone.
18:55 of 2nd period - Shot by Duncan Keith.
18:55 of 2nd period - Shot Misses the Net.
18:57 of 2nd period - Shot by Corey Perry.
18:57 of 2nd period - Stopped by Yann Danis without a rebound.
18:58 of 2nd period - Brandon Sutter wins face-off versus Matt Cullen in Flames zone.
19:05 of 2nd period - Shot by Loui Eriksson.
19:05 of 2nd period - Stopped by Yann Danis without a rebound.
19:06 of 2nd period - Joe Thornton wins face-off versus Daniel Sedin in Flames zone.
19:15 of 2nd period - Shot by Duncan Keith.
19:15 of 2nd period - Stopped by Yann Danis without a rebound.
19:16 of 2nd period - Brandon Sutter wins face-off versus Matt Cullen in Flames zone.
19:17 of 2nd period - Shot by Matthew Carle.
19:17 of 2nd period - Stopped by Yann Danis with a rebound.
19:21 of 2nd period - Shot by Loui Eriksson.
19:21 of 2nd period - Shot Blocked by Kristopher Letang.
19:25 of 2nd period - Shot by Brandon Sutter.
19:25 of 2nd period - Stopped by Yann Danis with a rebound.
19:27 of 2nd period - Shot by Brandon Sutter.
19:27 of 2nd period - Goal by Brandon Sutter - Flames : 1 - Canucks : 5.
19:28 of 2nd period - Henrik Sedin wins face-off versus Jay McClement in neutral zone.
19:39 of 2nd period - Shot by Henrik Sedin.
19:39 of 2nd period - Stopped by Jason LaBarbera without a rebound.
19:40 of 2nd period - Joe Thornton wins face-off versus Matt Cullen in Canucks zone.

Period #3

0:01 of 3rd period - Brandon Sutter wins face-off versus Henrik Sedin in neutral zone.
0:11 of 3rd period - Minor Penalty to Brandon Sutter for Tripping.
0:12 of 3rd period - Martin Hanzal wins face-off versus Mike Fisher in Canucks zone.
0:59 of 3rd period - Off-side.
1:00 of 3rd period - Jay McClement wins face-off versus Henrik Sedin in neutral zone.
1:00 of 3rd period - Jay McClement is hit by Marco Sturm.
1:43 of 3rd period - Icing by Henrik Sedin.
1:44 of 3rd period - Henrik Sedin wins face-off versus Martin Hanzal in Flames zone.
1:56 of 3rd period - Icing by Henrik Sedin.
1:57 of 3rd period - Henrik Sedin wins face-off versus Martin Hanzal in Flames zone.
2:37 of 3rd period - Shot by Joe Thornton.
2:37 of 3rd period - Shot Blocked by Erik Johnson.
2:39 of 3rd period - Shot by Joe Thornton.
2:39 of 3rd period - Shot Misses the Net.
2:42 of 3rd period - Minor Penalty to Jack Johnson for Hooking.
2:43 of 3rd period - Mike Fisher wins face-off versus Brandon Sutter in Flames zone.
2:48 of 3rd period - Brandon Sutter is hit by Mike Fisher.
6:02 of 3rd period - Off-side.
6:03 of 3rd period - Maxim Lapierre wins face-off versus David Backes in neutral zone.
6:31 of 3rd period - Shot by David Backes.
6:31 of 3rd period - Shot Blocked by Marco Sturm.
6:49 of 3rd period - Icing by Loui Eriksson.
6:50 of 3rd period - Matt Cullen wins face-off versus Loui Eriksson in Canucks zone.
6:54 of 3rd period - Icing by Loui Eriksson.
6:55 of 3rd period - Brandon Sutter wins face-off versus Matt Cullen in Canucks zone.
7:38 of 3rd period - Minor Penalty to Mike Fisher for Holding.
7:39 of 3rd period - Joe Thornton wins face-off versus Matt Cullen in Flames zone.
7:54 of 3rd period - Shot by Duncan Keith.
7:54 of 3rd period - Shot Blocked by Matt Cullen.
7:56 of 3rd period - Shot by Erik Karlsson.
7:56 of 3rd period - Stopped by Yann Danis without a rebound.
7:57 of 3rd period - Daniel Sedin wins face-off versus Joe Thornton in Flames zone.
7:57 of 3rd period - Daniel Sedin is hit by Tomas Holmstrom.
8:25 of 3rd period - Shot by Joe Thornton.
8:25 of 3rd period - Stopped by Yann Danis without a rebound.
8:26 of 3rd period - Brandon Sutter wins face-off versus Matt Cullen in Flames zone.
8:29 of 3rd period - Shot by Ian White.
8:29 of 3rd period - Shot Blocked by Mark Streit.
8:31 of 3rd period - Shot by Matthew Carle.
8:31 of 3rd period - Shot Misses the Net.
8:33 of 3rd period - Shot by Matthew Carle.
8:33 of 3rd period - Stopped by Yann Danis without a rebound.
8:34 of 3rd period - Matt Cullen wins face-off versus Brandon Sutter in Flames zone.
8:59 of 3rd period - Shot by Loui Eriksson.
8:59 of 3rd period - Deflect By Brandon Sutter.
8:59 of 3rd period - Stopped by Yann Danis without a rebound.
9:00 of 3rd period - Matt Cullen wins face-off versus Joe Thornton in Flames zone.
9:26 of 3rd period - Off-side.
9:27 of 3rd period - Brandon Sutter wins face-off versus Matt Cullen in neutral zone.
9:41 of 3rd period - Shot by David Backes.
9:41 of 3rd period - Stopped by Yann Danis without a rebound.
9:42 of 3rd period - Jay McClement wins face-off versus Alex Steen in Flames zone.
10:28 of 3rd period - Icing by Duncan Keith.
10:29 of 3rd period - Joe Thornton wins face-off versus Drew Stafford in Canucks zone.
10:46 of 3rd period - Duncan Keith is hit by Drew Stafford and loses puck.
10:51 of 3rd period - Shot by Owen Nolan.
10:51 of 3rd period - Shot Misses the Net.
11:09 of 3rd period - Drew Stafford is hit by Ryan Kesler and loses puck.
11:21 of 3rd period - Jack Johnson is hit by Matthew Carle.
11:32 of 3rd period - Henrik Sedin is hit by Fedor Tyutin and loses puck.
12:29 of 3rd period - Loui Eriksson is hit by Mike Fisher and loses puck.
13:16 of 3rd period - Rob Schremp is hit by David Backes and loses puck.
13:41 of 3rd period - Milan Lucic is hit by Maxim Lapierre and loses puck.
14:35 of 3rd period - Shot by Valtteri Filppula.
14:35 of 3rd period - Shot Misses the Net.
14:51 of 3rd period - Shot by Matt Cullen.
14:51 of 3rd period - Shot Blocked by Tomas Holmstrom.
15:02 of 3rd period - Off-side.
15:03 of 3rd period - Brandon Sutter wins face-off versus Henrik Sedin in neutral zone.
15:08 of 3rd period - Shot by Loui Eriksson.
15:08 of 3rd period - Stopped by Yann Danis without a rebound.
15:09 of 3rd period - Brandon Sutter wins face-off versus Henrik Sedin in Flames zone.
16:31 of 3rd period - Icing by Josh Gorges.
16:32 of 3rd period - Valtteri Filppula wins face-off versus Mike Fisher in Flames zone.
16:40 of 3rd period - Icing by Mike Fisher.
16:41 of 3rd period - Mike Fisher wins face-off versus Jay McClement in Flames zone.
16:41 of 3rd period - Mike Fisher is hit by David Backes.
17:03 of 3rd period - Shot by Matt Cullen.
17:03 of 3rd period - Shot Misses the Net.
17:08 of 3rd period - Valtteri Filppula is hit by Jack Johnson and loses puck.
17:16 of 3rd period - Icing by Erik Johnson.
17:17 of 3rd period - Joe Thornton wins face-off versus Matt Cullen in Flames zone.
17:17 of 3rd period - Joe Thornton is hit by Jack Johnson.
17:35 of 3rd period - Shot by Joe Thornton.
17:35 of 3rd period - Shot Misses the Net.
17:41 of 3rd period - Shot by Corey Perry.
17:41 of 3rd period - Shot Hit the Post.
17:45 of 3rd period - Shot by Corey Perry.
17:45 of 3rd period - Stopped by Yann Danis without a rebound.
17:46 of 3rd period - Joe Thornton wins face-off versus Henrik Sedin in Flames zone.
17:55 of 3rd period - Shot by Daniel Sedin.
17:55 of 3rd period - Shot Blocked by Fedor Tyutin.
18:44 of 3rd period - Minor Penalty to Erik Johnson for Hooking.
18:45 of 3rd period - Matt Cullen wins face-off versus Brandon Sutter in Flames zone.
19:34 of 3rd period - Icing by David Backes.
19:35 of 3rd period - Brandon Sutter wins face-off versus Matt Cullen in Canucks zone.
19:59 of 3rd period - Shot by Fedor Tyutin.
19:59 of 3rd period - Stopped by Yann Danis with a rebound.


Output by the SimonT Hockey Simulator (STHS) for Stephane Roy -- Original Page W3C XHTML 1.0 Valid